 Dungeon Crawl Stone Soup version 0.19-a0-1002-g674d22e (webtiles) character file.

716 HAL9000 the Basher (level 7, -4/70 HPs)
             Began as an Ogre Hunter on July 18, 2016.
             Slain by an orc wizard
             ... wielding a +0 falchion
              (5 damage)
             ... on level 4 of the Dungeon.
             The game lasted 00:08:21 (4925 turns).

HAL9000 the Basher (Ogre Hunter)                    Turns: 4925, Time: 00:08:22

Health: -4/70      AC:  4    Str: 18    XL:     7   Next: 69%
Magic:  7/7        EV: 10    Int: 10    God:
Gold:   205        SH:  0    Dex: 12    Spells: 0 memorised, 6 levels left

rFire  . . .     SeeInvis +     C - -2 whip (curse)
rCold  . . .     Gourm    .     b - +1 robe
rNeg   + . .     Faith    .     (no shield)
rPois  .         Spirit   .     (helmet restricted)
rElec  .         Dismiss  .     (no cloak)
rCorr  .         Reflect  .     (gloves unavailable)
SustAt .         Harm     .     (boots unavailable)
MR     .....                    (no amulet)
Stlth  +.........               B - ring of see invisible
                                r - ring of positive energy

@: not resistant to hostile enchantments, very unstealthy
A: unfitting armour, tough skin 1
a: no special abilities


You were on level 4 of the Dungeon.
You were not hungry.

You visited 1 branch of the dungeon, and saw 4 of its levels.

You collected 205 gold pieces.

Inventory:

Hand Weapons
 a - a +0 short sword
 u - a +1 whip
 C - a cursed -2 whip (weapon)
Missiles
 c - 2 large rocks (quivered)
 d - a throwing net
Armour
 b - a +1 robe (worn)
Jewellery
 r - a ring of positive energy (left hand)
 z - an uncursed ring of stealth
 B - a ring of see invisible (right hand)
 G - an uncursed ring of positive energy
Scrolls
 g - 4 scrolls of identify
 D - a scroll of fog
 E - 2 scrolls of amnesia
Potions
 n - a potion of invisibility
 q - a potion of agility
 t - a potion of haste
 I - a potion of flight {unknown}
Comestibles
 f - 4 bread rations
 l - 3 meat rations
 x - a royal jelly


   Skills:
 - Level 4.0 Fighting
 + Level 10.1 Maces & Flails
 - Level 4.0 Throwing
 - Level 1.7 Dodging
 - Level 0.7 Stealth


You had 6 spell levels left.
You didn't know any spells.

Dungeon Overview and Level Annotations

Branches:
Dungeon (4/15)
 Temple: D:4-7

Altars:
Ashenzari
Yredelemnul
Zin


Innate Abilities, Weirdness & Mutations

You are too large for most types of armour.
You have tough skin. (AC +1)


Message History

Press: ? - help, Shift-Dir - straight line, f/p - centaur
Aim: a centaur (severely wounded)
You throw a large rock.
The large rock barely misses the centaur.
The large rock hits the orc wizard!!
You kill the orc wizard!
The centaur hits you.
* * * LOW HITPOINT WARNING * * *
The centaur hits you.
* * * LOW HITPOINT WARNING * * *
The centaur misses you.
Okay, then.
Throwing (i - inventory. (,) - cycle):
c - 3 large rocks (quivered)
Press: ? - help, Shift-Dir - straight line, f/p - centaur
Aim: a centaur (severely wounded)
You throw a large rock. The large rock hits the centaur!
You kill the centaur!
Your Maces & Flails skill increases to level 10!
The orc wizard hits you with a falchion.
You die...

# ### .... .
... . ..##
##. ... ..
#..#.# #..(.
#..(#
#o####.#
#@.....#
#..######.#
##[.........
#....)###..
## #.###.#
.# #. #.# .#
#.###.# .#
.####.....#
.#
..........#
.#


You could see an orc wizard.

Vanquished Creatures
  Grinder (D:4)
  Sigmund (D:3)
  A centaur (D:4)
  A howler monkey (D:4)
  A hound (D:4)
  3 orc wizards
  A worker ant (D:4)
  6 adders
  An adder skeleton (D:4)
  A worm (D:2)
  A dart slug (D:1)
  3 giant geckos
  5 orcs
  4 giant cockroaches
  11 goblins
  6 hobgoblins
  2 jackals (D:3)
  2 quokkas (D:2)
  2 ball pythons
  2 bats (D:2)
  6 giant newts
  7 kobolds
  5 rats
73 creatures vanquished.

Notes
Turn   | Place    | Note
-------+----------+-------------------------------------------
     0 | D:1      | HAL9000 the Ogre Hunter began the quest for the Orb.
     0 | D:1      | Reached XP level 1. HP: 22/22 MP: 1/1
    72 | D:1      | HP: 1/23 [goblin/dagger (5)]
    74 | D:1      | Reached XP level 2. HP: 1/32 MP: 2/2
   620 | D:1      | Reached skill level 1 in Maces & Flails
   848 | D:2      | Reached skill level 2 in Maces & Flails
   848 | D:2      | Reached XP level 3. HP: 18/39 MP: 3/3
  1494 | D:2      | Found a glowing silver altar of Zin.
  1508 | D:2      | Reached skill level 3 in Maces & Flails
  1685 | D:1      | Reached XP level 4. HP: 10/48 MP: 4/4
  1693 | D:1      | HP: 3/72 [poisoned by an adder]
  1934 | D:1      | Reached skill level 4 in Maces & Flails
  2399 | D:3      | Found a shattered altar of Ashenzari.
  2735 | D:3      | Noticed Sigmund
  3057 | D:3      | Killed Sigmund
  3057 | D:3      | Reached skill level 7 in Maces & Flails
  3057 | D:3      | Reached XP level 5. HP: 5/54 MP: 5/5
  3057 | D:3      | Reached XP level 6. HP: 6/62 MP: 6/6
  3889 | D:4      | Noticed Grinder
  3925 | D:4      | Killed Grinder
  3925 | D:4      | Reached skill level 8 in Maces & Flails
  3925 | D:4      | Reached XP level 7. HP: 28/70 MP: 7/7
  3936 | D:4      | Reached skill level 9 in Maces & Flails
  4743 | D:4      | Found a basalt altar of Yredelemnul.
  4923 | D:4      | HP: 3/70 [centaur (9)]
  4924 | D:4      | HP: 1/70 [centaur (2)]
  4925 | D:4      | Reached skill level 10 in Maces & Flails
  4925 | D:4      | Slain by an orc wizard

Vault maps used:
D:1:      scummos_arrival_simple_crosswalls, lemuel_another_geyser
D:2:      nicolae_overflow_hidden_temple, zin_academy, first_bread
D:3:      cheibrodos_ashenzari_chains, uniq_sigmund
D:4:      marbit_many_paths, kennysheep_little_box, uniq_grinder, uniq_natasha

Skill      XL: |  1  2  3  4  5  6  7 |
---------------+----------------------+-----
Fighting       | 3 4 |  4.0
Maces & Flails | 2 3 7 8 10 | 10.1
Throwing       | |  4.0
Dodging        | |  1.7
Stealth        | |  0.7

Action                   |  1- 3 |  4- 6 |  7- 9 || total
-------------------------+-------+-------+-------++-------
Melee: Short sword       |   128 |    32 |       ||   160
       Whip              |       |   178 |   101 ||   279
Throw: Large rock        |     3 |    10 |     3 ||    16
       Throwing net      |       |     4 |       ||     4
  Use: Potion            |     2 |     4 |       ||     6
       Scroll            |       |    11 |     2 ||    13
 Stab: Sleeping          |     2 |     2 |       ||     4
       Distracted        |     1 |     1 |       ||     2
  Eat: Chunk             |     3 |     7 |     4 ||    14
Armor: Robe              |    33 |    37 |    19 ||    89
       Skin              |       |     1 |     7 ||     8
Dodge: Dodged            |    82 |   107 |    29 ||   218
